[ AOE2 MATCH · #506514218 ]
UnrankedTatars vs Muisca
Player's team · LOSS
Rival team · WIN
[ REPLAY ANALYSIS · EXTRACTED FROM THE RECORDED GAME ]
Feudal
8:51
Castle
28:47
Imperial
36:25
| APM avg | 62.3 |
| APM peak | 123 |
| eAPM avg | 28.9 |
| Villagers / military | 147 / 75 |
Focus
⚔️ 42.8% · 🌾 57.2%
Archer ×28 · Steppe Lancer ×22 · Cavalry Archer ×12 · Keshik ×6 · Scout Cavalry ×5 · Mangonel ×2
Feudal
11:03
Castle
15:36
Imperial
35:17
| APM avg | 44.1 |
| APM peak | 82 |
| eAPM avg | 26.8 |
| Villagers / military | 165 / 15 |
Focus
⚔️ 36.6% · 🌾 63.4%
Unknown (2586) ×67 · Unknown (2562) ×23 · Trebuchet (Packed) ×5 · Battering Ram ×4 · Monk ×3 · Mangonel ×2
Match map
Initial resources + every placement click. Lines = walls · curves = elevation contours. ◆ gold · ⬟ stone · ● berries · ✦ relic · ◌ wall gap
Your base· ✓ Closed at 28:47 · 17t walls · 3 gate(s)
DGHIR | Black Monk's base· ✓ Closed at 15:36 · 38t walls · 2 gate(s)
Smoothed initial terrain · ◌ = detected wall gap · hover for details
Inputs per minute
— No soy Masche - - DGHIR | Black Monk
Build order — No soy Masche
First 150 of 342 actions detected
| 0:00 | Queue | Villager (Male) |
| 0:01 | Queue | Villager (Male) |
| 0:01 | Queue | Villager (Male) |
| 0:02 | Build | House |
| 0:04 | Build | House |
| 0:06 | Queue | Villager (Male) |
| 1:19 | Queue | Villager (Male) |
| 1:46 | Build | Lumber Camp |
| 1:56 | Queue | Villager (Male) |
| 2:27 | Queue | Villager (Male) |
| 2:27 | Queue | Villager (Male) |
| 2:27 | Queue | Villager (Male) |
| 3:13 | Queue | Villager (Male) |
| 3:14 | Queue | Villager (Male) |
| 3:28 | Queue | Villager (Male) |
| 3:45 | Queue | Villager (Male) |
| 3:49 | Build | House |
| 4:05 | Queue | Villager (Male) |
| 4:17 | Queue | Villager (Male) |
| 4:39 | Queue | Villager (Male) |
| 4:41 | Build | Mining Camp |
| 4:49 | Queue | Villager (Male) |
| 5:08 | Queue | Villager (Male) |
| 5:09 | Queue | Villager (Male) |
| 5:29 | Queue | Villager (Male) |
| 5:30 | Research | Loom |
| 6:17 | Research | Feudal Age |
| 7:14 | Build | Palisade Wall |
| 7:23 | Build | House |
| 7:30 | Queue | Villager (Male) |
| 8:19 | Queue | Villager (Male) |
| 8:48 | Build | House |
| 8:48 | Queue | Villager (Male) |
| 8:51 | Age | Feudal Age |
| 8:54 | Build | Watch Tower |
| 9:00 | Queue | Villager (Male) |
| 9:17 | Queue | Villager (Male) |
| 9:19 | Build | Mill |
| 9:36 | Queue | Villager (Male) |
| 9:39 | Queue | Villager (Male) |
| 9:45 | Build | Blacksmith |
| 9:49 | Build | House |
| 10:20 | Queue | Villager (Male) |
| 10:24 | Research | Town Watch |
| 10:28 | Queue | Villager (Male) |
| 10:34 | Build | Watch Tower |
| 10:57 | Queue | Villager (Male) |
| 10:58 | Queue | Villager (Male) |
| 11:22 | Queue | Villager (Male) |
| 11:34 | Queue | Villager (Male) |
| 11:34 | Queue | Villager (Male) |
| 11:52 | Research | Fletching |
| 11:52 | Research | Fletching |
| 12:01 | Queue | Villager (Male) |
| 12:03 | Queue | Villager (Male) |
| 12:25 | Queue | Villager (Male) |
| 12:27 | Build | Farm |
| 12:55 | Queue | Villager (Male) |
| 12:55 | Queue | Villager (Male) |
| 12:59 | Build | Farm |
| 13:07 | Queue | Villager (Male) |
| 13:09 | Build | Farm |
| 13:19 | Queue | Villager (Male) |
| 13:27 | Build | Watch Tower |
| 13:30 | Queue | Villager (Male) |
| 13:34 | Build | House |
| 13:43 | Queue | Villager (Male) |
| 13:58 | Queue | Villager (Male) |
| 14:02 | Queue | Villager (Male) |
| 14:04 | Queue | Villager (Male) |
| 14:12 | Queue | Villager (Male) |
| 14:16 | Build | House |
| 14:26 | Queue | Villager (Male) |
| 14:34 | Queue | Villager (Male) |
| 14:38 | Research | Double-Bit Axe |
| 14:41 | Queue | Villager (Male) |
| 14:46 | Queue | Villager (Male) |
| 15:05 | Queue | Villager (Male) |
| 15:08 | Build | House |
| 15:13 | Queue | Villager (Male) |
| 15:25 | Build | Watch Tower |
| 15:33 | Queue | Villager (Male) |
| 15:38 | Build | Farm |
| 15:51 | Queue | Villager (Male) |
| 15:54 | Build | Farm |
| 16:17 | Queue | Villager (Male) |
| 16:19 | Build | Farm |
| 16:29 | Queue | Villager (Male) |
| 16:31 | Queue | Villager (Male) |
| 16:39 | Queue | Villager (Male) |
| 16:52 | Build | Barracks |
| 17:14 | Queue | Villager (Male) |
| 17:28 | Build | Watch Tower |
| 17:32 | Queue | Villager (Male) |
| 17:43 | Build | Stable |
| 17:47 | Queue | Villager (Male) |
| 17:52 | Build | Farm |
| 18:05 | Queue | Villager (Male) |
| 18:07 | Build | Farm |
| 18:18 | Queue | Villager (Male) |
| 18:26 | Build | Farm |
| 18:32 | Queue | Scout Cavalry |
| 18:45 | Research | Forging |
| 18:47 | Queue | Villager (Male) |
| 18:49 | Build | Farm |
| 18:50 | Build | House |
| 18:57 | Queue | Scout Cavalry |
| 19:11 | Queue | Scout Cavalry |
| 19:13 | Queue | Villager (Male) |
| 19:18 | Build | Mining Camp |
| 19:39 | Queue | Scout Cavalry |
| 19:45 | Queue | Villager (Male) |
| 19:52 | Build | Farm |
| 19:53 | Build | Farm |
| 19:55 | Build | Lumber Camp |
| 20:09 | Queue | Villager (Male) |
| 20:13 | Research | Scale Barding Armor |
| 20:15 | Queue | Villager (Male) |
| 20:16 | Build | House |
| 20:19 | Build | Farm |
| 20:31 | Queue | Villager (Male) |
| 20:34 | Build | Farm |
| 20:38 | Build | Farm |
| 20:38 | Build | Farm |
| 20:53 | Queue | Villager (Male) |
| 21:11 | Queue | Scout Cavalry |
| 21:31 | Queue | Villager (Male) |
| 21:37 | Build | Barracks |
| 21:41 | Build | Farm |
| 21:55 | Queue | Villager (Male) |
| 22:02 | Build | Watch Tower |
| 22:08 | Queue | Villager (Male) |
| 22:09 | Queue | Villager (Male) |
| 22:10 | Build | Farm |
| 22:11 | Queue | Villager (Male) |
| 22:23 | Queue | Villager (Male) |
| 22:25 | Build | Archery Range |
| 22:28 | Queue | Villager (Male) |
| 22:32 | Build | House |
| 22:34 | Build | House |
| 22:42 | Queue | Villager (Male) |
| 22:46 | Build | Mining Camp |
| 23:15 | Build | Archery Range |
| 23:35 | Build | House |
| 23:36 | Build | House |
| 23:38 | Queue | Villager (Male) |
| 23:43 | Build | Stone Wall |
| 23:45 | Build | Stone Wall |
| 23:55 | Build | House |
| 23:56 | Build | House |
Build order — DGHIR | Black Monk
First 150 of 421 actions detected
| 0:00 | Queue | Villager (Male) |
| 0:02 | Build | House |
| 0:05 | Build | House |
| 0:09 | Queue | Villager (Male) |
| 0:10 | Queue | Villager (Male) |
| 0:10 | Queue | Villager (Male) |
| 1:33 | Queue | Villager (Male) |
| 1:54 | Build | Settlement |
| 2:01 | Queue | Villager (Male) |
| 2:21 | Queue | Villager (Male) |
| 2:40 | Queue | Villager (Male) |
| 3:05 | Queue | Villager (Male) |
| 3:40 | Queue | Villager (Male) |
| 3:40 | Queue | Villager (Male) |
| 4:10 | Queue | Villager (Male) |
| 5:08 | Queue | Villager (Male) |
| 5:08 | Queue | Villager (Male) |
| 5:09 | Queue | Villager (Male) |
| 5:10 | Queue | Villager (Male) |
| 5:26 | Queue | Villager (Male) |
| 5:34 | Build | House |
| 5:48 | Queue | Villager (Male) |
| 6:18 | Build | Settlement |
| 6:22 | Queue | Villager (Male) |
| 6:24 | Queue | Villager (Male) |
| 6:24 | Queue | Villager (Male) |
| 6:48 | Queue | Villager (Male) |
| 6:49 | Queue | Villager (Male) |
| 6:49 | Queue | Villager (Male) |
| 6:58 | Build | Barracks |
| 7:03 | Queue | Villager (Male) |
| 7:03 | Queue | Villager (Male) |
| 7:04 | Queue | Villager (Male) |
| 8:27 | Research | Feudal Age |
| 8:34 | Build | Farm |
| 8:36 | Build | Farm |
| 8:57 | Build | Outpost |
| 9:16 | Build | Farm |
| 9:46 | Research | Loom |
| 9:46 | Queue | Villager (Male) |
| 9:51 | Build | Palisade Wall |
| 9:54 | Build | Palisade Wall |
| 9:55 | Build | Palisade Wall |
| 10:00 | Build | Palisade Wall |
| 10:02 | Build | Palisade Wall |
| 10:06 | Queue | Villager (Male) |
| 10:09 | Build | Palisade Wall |
| 10:17 | Build | Palisade Wall |
| 10:44 | Build | Palisade Wall |
| 10:44 | Build | Palisade Wall |
| 10:54 | Build | Palisade Wall |
| 11:03 | Age | Feudal Age |
| 11:05 | Build | Market |
| 11:12 | Build | Blacksmith |
| 11:15 | Build | Palisade Wall |
| 11:34 | Queue | Villager (Male) |
| 11:40 | Build | Farm |
| 11:40 | Queue | Villager (Male) |
| 11:45 | Build | House |
| 11:54 | Build | House |
| 12:29 | Build | Watch Tower |
| 12:56 | Research | Castle Age |
| 13:05 | Build | Outpost |
| 13:43 | Build | Stone Wall |
| 13:54 | Build | Stone Wall |
| 13:59 | Build | Farm |
| 14:11 | Build | House |
| 14:13 | Build | Palisade Wall |
| 14:15 | Build | House |
| 14:17 | Build | Palisade Wall |
| 14:30 | Build | Palisade Wall |
| 14:31 | Build | Palisade Wall |
| 14:33 | Build | Palisade Wall |
| 14:41 | Build | House |
| 15:36 | Age | Castle Age |
| 15:43 | Build | Monastery |
| 15:59 | Build | Town Center |
| 16:09 | Queue | Villager (Male) |
| 16:16 | Queue | Villager (Male) |
| 16:21 | Research | Double-Bit Axe |
| 16:22 | Queue | Villager (Male) |
| 16:35 | Queue | Monk |
| 16:48 | Build | Palisade Wall |
| 16:51 | Build | Palisade Wall |
| 16:56 | Queue | Villager (Male) |
| 17:14 | Build | Palisade Wall |
| 17:14 | Build | Palisade Wall |
| 17:15 | Queue | Villager (Male) |
| 17:18 | Build | Farm |
| 17:19 | Build | Farm |
| 17:20 | Build | Farm |
| 17:21 | Queue | Villager (Male) |
| 17:21 | Queue | Villager (Male) |
| 17:57 | Build | House |
| 18:11 | Queue | Villager (Male) |
| 18:14 | Build | Farm |
| 18:16 | Build | Farm |
| 18:34 | Build | Siege Workshop |
| 18:41 | Build | Farm |
| 18:44 | Queue | Villager (Male) |
| 19:35 | Queue | Unit 2586 |
| 19:38 | Queue | Villager (Male) |
| 19:48 | Queue | Villager (Male) |
| 19:48 | Queue | Villager (Male) |
| 19:52 | Build | Outpost |
| 20:03 | Build | Town Center |
| 20:05 | Queue | Villager (Male) |
| 20:12 | Build | Stone Wall |
| 20:29 | Queue | Villager (Male) |
| 20:33 | Queue | Battering Ram |
| 20:52 | Queue | Unit 2586 |
| 21:10 | Queue | Villager (Male) |
| 21:10 | Queue | Villager (Male) |
| 21:13 | Build | Farm |
| 21:14 | Build | Farm |
| 21:14 | Build | Farm |
| 21:14 | Build | Farm |
| 21:18 | Build | House |
| 21:33 | Queue | Unit 2586 |
| 21:43 | Build | Farm |
| 21:44 | Build | Farm |
| 21:44 | Build | Farm |
| 21:51 | Queue | Villager (Male) |
| 22:04 | Queue | Villager (Male) |
| 22:20 | Build | Farm |
| 22:21 | Build | Farm |
| 22:21 | Build | Farm |
| 22:21 | Build | Farm |
| 22:23 | Queue | Villager (Male) |
| 22:31 | Queue | Monk |
| 22:36 | Queue | Villager (Male) |
| 22:42 | Build | Farm |
| 22:42 | Build | Farm |
| 22:42 | Build | Farm |
| 22:48 | Queue | Villager (Male) |
| 22:57 | Queue | Villager (Male) |
| 23:24 | Queue | Unit 2586 |
| 23:33 | Queue | Villager (Male) |
| 23:35 | Build | Farm |
| 23:36 | Build | Farm |
| 23:36 | Build | Farm |
| 23:36 | Build | Farm |
| 23:37 | Queue | Villager (Male) |
| 23:38 | Build | Farm |
| 23:49 | Build | Stone Wall |
| 23:51 | Queue | Villager (Male) |
| 23:52 | Queue | Villager (Male) |
| 24:05 | Queue | Villager (Male) |
| 24:13 | Queue | Villager (Male) |
| 24:30 | Queue | Villager (Male) |
Match timeline
| 6:58 | DGHIR | Black Monk · first_building Barracks |
| 7:14 | No soy Masche · wall_segment Palisade Wall x1 |
| 8:51 | No soy Masche · age_up feudal |
| 9:51 | DGHIR | Black Monk · wall_segment Palisade Wall x10 |
| 9:54 | DGHIR | Black Monk · wall_segment Palisade Wall x1 |
| 9:55 | DGHIR | Black Monk · wall_segment Palisade Wall x1 |
| 10:00 | DGHIR | Black Monk · wall_segment Palisade Wall x1 |
| 10:02 | DGHIR | Black Monk · wall_segment Palisade Wall x5 |
| 10:09 | DGHIR | Black Monk · wall_segment Palisade Wall x2 |
| 10:17 | DGHIR | Black Monk · wall_segment Palisade Wall x1 |
| 10:44 | DGHIR | Black Monk · wall_segment Palisade Wall x1 |
| 10:44 | DGHIR | Black Monk · wall_segment Palisade Wall x1 |
| 10:54 | DGHIR | Black Monk · wall_segment Palisade Wall x4 |
| 11:03 | DGHIR | Black Monk · age_up feudal |
| 11:15 | DGHIR | Black Monk · wall_segment Palisade Wall x1 |
| 12:41 | DGHIR | Black Monk · first_market_sell 100 wood |
| 13:43 | DGHIR | Black Monk · wall_segment Stone Wall x1 |
| 13:54 | DGHIR | Black Monk · wall_segment Stone Wall x5 |
| 14:13 | DGHIR | Black Monk · wall_segment Palisade Wall x1 |
| 14:17 | DGHIR | Black Monk · wall_segment Palisade Wall x1 |
| 14:30 | DGHIR | Black Monk · wall_segment Palisade Wall x1 |
| 14:31 | DGHIR | Black Monk · wall_segment Palisade Wall x1 |
| 14:33 | DGHIR | Black Monk · wall_segment Palisade Wall x1 |
| 15:36 | DGHIR | Black Monk · age_up castle |
| 15:43 | DGHIR | Black Monk · first_building Monastery |
| 15:52 | DGHIR | Black Monk · first_market_buy 100 stone |
| 16:48 | DGHIR | Black Monk · wall_segment Palisade Wall x1 |
| 16:51 | DGHIR | Black Monk · wall_segment Palisade Wall x1 |
| 16:52 | No soy Masche · first_building Barracks |
| 17:14 | DGHIR | Black Monk · wall_segment Palisade Wall x1 |
| 17:14 | DGHIR | Black Monk · wall_segment Palisade Wall x1 |
| 17:43 | No soy Masche · first_building Stable |
| 18:34 | DGHIR | Black Monk · first_building Siege Workshop |
| 20:12 | DGHIR | Black Monk · wall_segment Stone Wall x1 |
| 22:25 | No soy Masche · first_building Archery Range |
| 23:43 | No soy Masche · wall_segment Stone Wall x5 |
| 23:45 | No soy Masche · wall_segment Stone Wall x11 |
| 23:49 | DGHIR | Black Monk · wall_segment Stone Wall x1 |
| 25:15 | No soy Masche · wall_segment Stone Wall x1 |
| 28:47 | No soy Masche · age_up castle |
| 29:34 | No soy Masche · first_building Siege Workshop |
| 31:06 | DGHIR | Black Monk · first_building Castle |
| 32:16 | No soy Masche · first_building Castle |
| 33:10 | No soy Masche · first_market_sell 500 wood |
| 33:10 | No soy Masche · first_market_buy 100 food |
| 35:17 | DGHIR | Black Monk · age_up imperial |
| 36:25 | No soy Masche · age_up imperial |
| 36:55 | No soy Masche · wall_segment Stone Wall x5 |
| 43:40 | No soy Masche · resign |
[ AI ANALYSIS · 1 CREDIT ]
What really happened in this match?
Wolo.gg analyzes every decision: build order, eco, micro, common mistakes by bracket. Personalized analysis on WhatsApp or Discord in 30 seconds.
Civ guide
Tatars
Perfil
Jugador #2716438